 Dungeon Crawl Stone Soup version 0.32-a0-422-g28b100f618 (webtiles) character file.

Game seed: 9467255604804925400

336 Xavori the Trooper (level 6, -6/47 HPs)
             Began as a Djinni Chaos Knight on Feb 21, 2024.
             Was a Plaything of Xom.
             Killed by divine providence
             ... invoked by an orc priest
              (13 damage)
             ... on level 4 of the Dungeon.
             The game lasted 00:03:27 (6016 turns).

Xavori the Trooper (Djinni Chaos Knight)            Turns: 6016, Time: 00:03:27

Health: -6/47      AC:  8    Str: 15      XL:     6   Next: 84%
Gold:   246        EV: 12    Int: 11 (12) God:    Xom [*.....] SH:  4 Dex: 14

rFire   + + .        a - +0 falchion (chaos)
rCold   x . .        p - +0 buckler
rNeg    . . .        b - +2 leather armour
rPois   ∞            y - +0 helmet
rElec   +            (no cloak)
rCorr   .            (no gloves)
SInv    .            (boots unavailable)
Will    +....        n - amulet of faith
Stlth   +            (no ring)
HPRegen 0.27/turn    (no ring)
MPRegen 0.00/turn

%: faith, infuse magic (-7 HP)
@: flying
A: sickness immunity, fire resistance 2, cold vulnerability 1, float, innate
caster, HP casting, extra vitality 1, iridescent scales 1, strong-willed 1,
electricity resistance, strong 1
a: Renounce Religion


You were on level 4 of the Dungeon.
You worshipped Xom.
You were a special plaything of Xom.
You visited 1 branch of the dungeon, and saw 4 of its levels.

You collected 246 gold pieces.

Inventory:

Hand Weapons
 a - a +0 falchion of chaos (weapon)
Armour
 b - a +2 leather armour (worn)
 k - the +0 robe of Likeef {Regen+}
   (Xom gifted it to you on level 2 of the Dungeon)

   Regen+:    It increases your rate of health regeneration.
 p - a +0 buckler (worn)
 w - the +2 ring mail of Valiance {^Contam rElec rPois rF+ SInv}
   (You found it on level 4 of the Dungeon)

   rF+:       It protects you from fire.
   rElec:     It insulates you from electricity.
   rPois:     It protects you from poison SInv: It lets you see invisible.
   ^Contam:   It causes magical contamination when unequipped.
 y - a +0 helmet (worn)
Jewellery
 n - an amulet of faith (around neck)
Scrolls
 c - a scroll of butterflies
 d - 5 scrolls of teleportation
 e - 2 scrolls of identify
 i - a scroll of immolation
 m - a scroll of blinking
 r - a scroll of enchant armour {unknown}
 t - a scroll of noise {unknown}
 u - a scroll of enchant weapon {unknown}
 v - a scroll of revelation {unknown}
 x - a scroll of brand weapon {unknown}
Potions
 f - a potion of degeneration {unknown}
 g - a potion of magic {unknown}
 h - 2 potions of lignification {unknown}
 j - a potion of resistance {unknown}
 l - a potion of heal wounds {unknown}
 o - 2 potions of attraction {unknown}
 q - 2 potions of curing {unknown}
 s - a potion of brilliance {unknown}


   Skills:
 + Level 3.8 Fighting
 + Level 3.5 Long Blades
 + Level 2.5 Armour
 + Level 3.4 Dodging
 + Level 1.1 Shields
 * Level 2.4 Spellcasting
 * Level 2.4 Conjurations
 * Level 2.4 Hexes
   Level 0.0 Charms
 * Level 2.4 Summonings
 * Level 2.4 Necromancy
 * Level 2.4 Translocations
   Level 0.0 Transmutations
 * Level 2.4 Fire Magic
 * Level 2.4 Ice Magic
 * Level 2.4 Air Magic
 * Level 2.4 Earth Magic
 * Level 2.4 Alchemy


You knew the following spells:

 Your Spells              Type           Power      Damage    Failure   Level
a - Sandblast             Erth           12%        2d6       17%         1
b - Ensorcelled Hibernat  Hex/Ice        12%        N/A       26%         2
Your spell library was empty.

Dungeon Overview and Level Annotations

Branches:
Dungeon (4/15)
 Temple: D:4-7

Altars:
Xom
The Shining One


Innate Abilities, Weirdness & Mutations

You are immune to sickness and miasma.
You are immune to poison.
Your flesh is very heat resistant. (rF++)
You are vulnerable to cold. (rC-)
You float through the air rather than walking.
You learn spells naturally, not from books.
Your magical power is your life essence.
You have superior vitality. (+4 MHP)
You are partially covered in iridescent scales. (AC +2)
You are strong-willed. (Will+)
You are resistant to electric shocks. (rElec)
Your muscles are strong. (Str +4, Int/Dex -1)


Message History

y - a +0 helmet You start putting on your armour.
You continue putting on your +0 helmet. x4
You finish putting on your +0 helmet.
Unknown command.
What level of the Dungeon? (default 3, ? - help)
There is a stone staircase leading up here.
There is an open door here.
There is a stone staircase leading down here.
You fly downwards.
There is a stone staircase leading up here.
Found a stone staircase leading up.
Found a leather armour. 2 orcs and an orc priest come into view.
The orc shouts! x2; The orc priest shouts!
You hear a shout!
You see here 20 gold pieces.
There are monsters nearby!
The orc priest barely misses you.
An orc priest comes into view. It is wielding a +0 club.
The orc barely misses you.
The orc priest shouts!
The orc completely misses you. The orc priest closely misses you.
You closely miss the orc priest.
The orc priest calls down the wrath of Beogh upon you.
Beogh smites you! The orc closely misses you.
You barely miss the orc priest. The orc closely misses you.
A hobgoblin comes into view.
The orc hits you with a +0 dagger.
The orc priest hits you with a +0 trident!
The orc priest calls down the wrath of Beogh upon you.
Beogh smites you! The orc misses you.
You are too injured to fight recklessly!
You are too injured to fight recklessly!
The orc priest mumbles some strange prayers to Beogh against you.
Beogh smites you!
* * * LOW HITPOINT WARNING * * *
The orc closely misses you.
The orc priest mumbles some strange prayers to Beogh against you.
Beogh smites you!
You die...
Xom chuckles heartily!

#### # ..# .###. #[#
...g..###.## .......oo..#
#####.o.#o$# ## # #.###..#
.<. #...#....## ....
##.###.#@..##....#
..............# #
##..........####.. #+
#.##.##.....#.# #.. #_ .
.... #.....#.# .. #'# .
#..##..#..#.# #. #.# .
#.........#.# #.###.###)
#.........<.#####.........
#.........###..>..!.##...#


You could see an orc priest and an orc.

Vanquished Creatures
  2 orc priests
  2 orc wizards (D:3)
  Robin (D:3)
  3 adders (D:2)
  2 dart slugs (D:2)
  2 ribbon worms (D:3)
  11 orcs
  4 bats
  4 endoplasms
  3 giant cockroaches
  8 hobgoblins
  17 jackals
  5 quokkas
  7 ball pythons
  A frilled lizard (D:1)
  11 goblins
  7 kobolds
  5 rats
95 creatures vanquished.

Notes
Turn   | Place    | Note
-------+----------+-------------------------------------------
     0 | D:1      | Xavori the Djinni Chaos Knight began the quest for the Orb.
     0 | D:1      | Reached XP level 1. HP: 20/20 MP: 0/0
    29 | D:1      | XOM: silly message
    35 | D:1      | XOM: potion effect (might)
    39 | D:1      | Reached XP level 2. HP: 22/25 MP: 0/0
    58 | D:1      | XOM: divination: detect creatures
   128 | D:1      | Reached XP level 3. HP: 23/30 MP: 0/0
   128 | D:1      | Learned a level 1 spell: Sandblast
   131 | D:1      | Reached skill level 1 in Spellcasting
   131 | D:1      | Reached skill level 1 in Conjurations
   131 | D:1      | Reached skill level 1 in Hexes
   131 | D:1      | Reached skill level 1 in Summonings
   131 | D:1      | Reached skill level 1 in Necromancy
   131 | D:1      | Reached skill level 1 in Translocations
   131 | D:1      | Reached skill level 1 in Fire Magic
   131 | D:1      | Reached skill level 1 in Ice Magic
   131 | D:1      | Reached skill level 1 in Air Magic
   131 | D:1      | Reached skill level 1 in Earth Magic
   131 | D:1      | Reached skill level 1 in Alchemy
   246 | D:1      | Found a faded altar of an unknown god.
   273 | D:1      | XOM: cast spell 'Animate Armour'
   347 | D:1      | XOM: potion effect (berserk rage)
   356 | D:1      | Reached XP level 4. HP: 35/35 MP: 0/0
  1523 | D:1      | XOM: god gift: scroll labelled PAEHEA TABE {god gift}
  1869 | D:1      | XOM: cloud trail
  3690 | D:1      | XOM: torment (19/35 hp)
  3987 | D:1      | XOM: give mutations
  3987 | D:1      | Gained mutation: You are partially covered in iridescent
                  | scales. (AC +2) [Xom's grace]
  3987 | D:1      | Gained mutation: You are resistant to electric shocks.
                  | (rElec) [Xom's grace]
  3987 | D:1      | Gained mutation: Your muscles are strong. (Str +4, Int/Dex
                  | -1) [Xom's grace]
  3987 | D:1      | Gained mutation: You are strong-willed. (Will+) [Xom's
                  | grace]
  3991 | D:1      | XOM: 4-stop teleportation journey
  4077 | D:2      | XOM is BORED!
  4077 | D:2      | XOM: noise
  4140 | D:2      | Reached XP level 5. HP: 37/40 MP: 0/0
  4140 | D:2      | Learned a level 2 spell: Ensorcelled Hibernation
  4166 | D:2      | Identified the +0 robe of Likeef {Regen+} (Xom gifted it to
                  | you on level 2 of the Dungeon)
  4166 | D:2      | XOM: god gift: +0 robe of Likeef {Regen+}
  4170 | D:2      | XOM: 1-stop teleportation journey
  4313 | D:2      | XOM: scenery: create altars
  4526 | D:3      | Noticed Robin
  4538 | D:3      | Killed Robin
  4549 | D:3      | XOM: noise
  4964 | D:3      | XOM: 3-stop teleportation journey
  4995 | D:3      | Reached XP level 6. HP: 46/46 MP: 0/0
  5250 | D:3      | XOM: silly message
  5602 | D:4      | Reached skill level 1 in Shields
  5694 | D:4      | Identified the +2 ring mail of Valiance {^Contam rElec
                  | rPois rF+ SInv}
  5757 | D:4      | XOM: stat loss: -1 Int (11/12)
  5796 | D:4      | Found a glowing golden altar of the Shining One.
  5819 | D:4      | XOM: 1-stop teleportation journey
  6016 | D:4      | Killed from afar by an orc priest

Illustrated notes

Levels and vault maps discovered:
D:1:      dpeg_arrival_refuge, layout_basic, chequers_ecumenical_altar_twisty,
          corexii_corridor_pit, dreamdust_wishing_well
D:2:      layout_basic
D:3:      layout_basic, minmay_misc_feat_doors, minmay_hedge_maze, uniq_robin
D:4:      minmay_chambers_of_twos, layout_basic, lemuel_doored_altar,
          nicolae_yredelemnul_corpse_copse

Skill      XL: |  1  2  3  4  5  6 |
---------------+-------------------+-----
Spellcasting   | 1 2 |  2.4
Conjurations   | 1 2 |  2.4
Hexes          | 1 2 |  2.4
Summonings     | 1 2 |  2.4
Necromancy     | 1 2 |  2.4
Translocations | 1 2 |  2.4
Fire Magic     | 1 2 |  2.4
Ice Magic      | 1 2 |  2.4
Air Magic      | 1 2 |  2.4
Earth Magic    | 1 2 |  2.4
Alchemy        | 1 2 |  2.4
Long Blades    | 3 |  3.5
Armour         | 2 |  2.5
Dodging        | 3 |  3.4
Shields        | 1 |  1.1
Fighting       | |  3.8

Action                     |  1- 3 |  4- 6 || total
---------------------------+-------+-------++-------
  Melee: Falchion          |    76 |   391 ||   467
    Use: Scroll            |       |     4 ||     4
   Stab: Confused          |       |     3 ||     3
         Sleeping          |       |     2 ||     2
 Armour: Leather armour    |    70 |   115 ||   185
  Dodge: Dodged            |    65 |   132 ||   197
  Block: Buckler           |       |    21 ||    21

Table legend: (Time is in decaauts)
 A = Elapsed time spent in this place.
 B = Non-inter-level travel time spent in this place.
 C = Inter-level travel time spent in this place.
 D = Time resting spent in this place.
 E = Time spent auto-exploring this place.
 F = Levels seen in this place.
 G = Mean time per level.
                   A        B        C        D        E       F      G
               +--------+--------+--------+--------+--------+-----+--------+
         Total |   6095 |   5812 |    283 |   3131 |   1841 |   4 | 1523.8 |
       Dungeon |   6095 |   5812 |    283 |   3131 |   1841 |   4 | 1523.8 |
               +--------+--------+--------+--------+--------+-----+--------+

Top non-repeatable levels by time:
     D:1: 4027 daAuts
     D:3: 1120 daAuts
     D:2: 531 daAuts
     D:4: 416 daAuts
